AoeStats
← RogerV

Arena

509577091Analyzed
4v4 RM · 5d ago on Sep 27, 2026· 48m 38s· 8 players
Game mode
Random Map
Map size
Large (8 player)
Population
200
Speed
Normal
Resources
Standard
Victory
Conquest
Starting age
Dark Age
Ending age
Imperial Age
RankedLock teamsTeams togetherTeam positionsShared explorationLock speedFull tech treeHidden civsTurbo modeCheats
Victory
Defeat
🇨🇳 Poles · China
1407
+12
🇯🇵 Khmer · Japan
1314
+15
🇨🇳 Cumans · China
1308
+16
🇨🇳 Varangians · China
1303
+16
🇪🇸 Bohemians · Spain
1330
-16
🇦🇷 Mongols · Argentina
1311
-15
🇳🇱 Ethiopians · Netherlands
1302
-15
🇩🇪 Persians · Germany
1270
-13
很蓝的啦
8:51 Feudal Age
9:30 Double-Bit Axe
9:26 Horse Collar
14:43 Loom
19:27 Castle Age
19:14 Wheelbarrow
18:24 Loom
18:24 Town Watch
18:41 Gold Mining
20:01 Forging
19:56 Scale Barding Armor
20:56 Bow Saw
21:35 Gold Shaft Mining
21:25 Stone Mining
21:53 Heavy Plow
24:27 Chain Barding Armor
24:42 Iron Casting
27:38 Imperial Age
26:32 Bloodlines
25:42 Light Cavalry
29:31 Imperial Age
26:53 Capped Ram
28:55 Hand Cart
30:47 Padded Archer Armor
31:23 Plate Barding Armor
30:38 Siege Ram
31:27 Cavalier
31:59 Fletching
32:24 Leather Archer Armor
32:48 Town Patrol
33:31 Thumb Ring
33:51 Parthian Tactics
33:26 Bodkin Arrow
33:56 Ballistics
34:36 Chemistry
34:45 Blast Furnace
34:03 Herbal Medicine
34:43 Ring Archer Armor
34:31 Elite Kipchak
35:32 Conscription
35:46 Hussar
40:13 Steppe Husbandry
45:48 Two-Man Saw
45:19 Crop Rotation
45:30 Cuman Mercenaries
46:20 Paladin
oyoyo
10:19 Feudal Age
13:16 Castle Age
11:33 Double-Bit Axe
11:34 Horse Collar
14:05 Wheelbarrow
14:08 Bow Saw
19:22 Town Watch
21:04 Gold Mining
26:52 Imperial Age
24:14 Loom
24:51 Scale Barding Armor
25:01 Stone Mining
25:28 Hand Cart
25:06 Fletching
25:34 Masonry
26:02 Chain Barding Armor
26:23 Forging
26:52 Stone Shaft Mining
26:57 Bloodlines
26:48 Husbandry
27:29 Ballistics
27:43 Heavy Plow
28:24 Conscription
28:50 Gold Shaft Mining
28:20 Double Crossbow
29:14 Plate Barding Armor
28:55 Bodkin Arrow
30:06 Elite Ballista Elephant
33:00 Chemistry
36:13 Bracer
36:49 Iron Casting
37:11 Light Cavalry
38:20 Hussar
41:04 Blast Furnace
40:28 Siege Engineers
44:17 Architecture
43:42 Murder Holes
44:47 Caravan
46:58 Fortified Wall
吴彦祖
10:40 Feudal Age
14:26 Castle Age
13:49 Double-Bit Axe
14:09 Horse Collar
15:57 Bow Saw
18:11 Wheelbarrow
23:40 Heavy Plow
24:26 Hand Cart
25:08 Stone Mining
25:08 Gold Mining
30:33 Imperial Age
28:57 Bloodlines
28:47 Husbandry
29:35 Stone Shaft Mining
29:44 Loom
29:45 Town Watch
30:08 Squires
29:54 Arson
30:53 Scale Barding Armor
30:59 Forging
32:16 Conscription
34:07 Chain Barding Armor
34:23 Iron Casting
34:59 Elite Jarl
37:35 Plate Barding Armor
38:00 Blast Furnace
38:26 Elite Varangian Guard
38:51 Gothikon
39:32 Pikeman
43:58 Scale Mail Armor
Boss
10:20 Feudal Age
11:25 Horse Collar
11:34 Double-Bit Axe
14:31 Castle Age
16:01 Bow Saw
16:21 Heavy Plow
22:53 Wheelbarrow
25:59 Imperial Age
23:36 Gold Mining
23:48 Fletching
23:58 Padded Archer Armor
24:22 Ballistics
24:04 Padded Archer Armor
24:14 Loom
24:54 Bodkin Arrow
25:27 Squires
26:21 Thumb Ring
25:36 Crossbowman
26:24 Thumb Ring
26:36 Scale Mail Armor
26:47 Forging
27:52 Chemistry
26:58 Siege Engineers
26:16 Arbalester
27:02 Thumb Ring
27:36 Chain Mail Armor
27:09 Arson
27:40 Stone Mining
28:15 Bracer
28:57 Conscription
28:57 Thumb Ring
30:47 Leather Archer Armor
31:03 Plate Mail Armor
31:35 Iron Casting
33:22 Scale Barding Armor
34:30 Blast Furnace
35:09 Szlachta Privileges
35:17 Bloodlines
35:08 Husbandry
34:28 Light Cavalry
37:18 Hand Cart
37:46 Winged Hussar
39:21 Chain Barding Armor
40:34 Elite Obuch
43:24 Crop Rotation
42:32 Elite Skirmisher
47:16 Lechitic Legacy
47:16 Town Watch
DK_Grunchito
10:45 Feudal Age
12:20 Loom
15:01 Castle Age
14:22 Wheelbarrow
13:40 Double-Bit Axe
13:38 Horse Collar
14:49 Wheelbarrow
22:07 Fervor
22:36 Hand Cart
22:08 Town Watch
22:45 Bow Saw
22:38 Heavy Plow
28:39 Imperial Age
28:24 Forging
28:15 Scale Mail Armor
28:20 Town Patrol
28:36 Pikeman
29:16 Squires
29:02 Arson
30:35 Chemistry
29:51 Masonry
29:27 Halberdier
31:05 Iron Casting
30:45 Chain Mail Armor
32:01 Conscription
34:13 Blast Furnace
33:44 Plate Mail Armor
33:07 Fletching
32:46 Houfnice
38:45 Caravan
43:30 Two-Man Saw
RogerV
9:46 Feudal Age
13:34 Castle Age
11:40 Double-Bit Axe
12:29 Horse Collar
14:51 Bow Saw
22:58 Heavy Plow
22:48 Crossbowman
25:05 Wheelbarrow
24:59 Gold Mining
28:57 Imperial Age
26:14 Loom
26:59 Thumb Ring
26:48 Fletching
27:16 Stone Mining
28:08 Gold Shaft Mining
27:48 Squires
27:46 Bodkin Arrow
28:19 Ballistics
29:20 Hand Cart
29:09 Scale Mail Armor
29:19 Forging
29:11 Padded Archer Armor
30:41 Chemistry
29:57 Bracer
30:17 Chain Mail Armor
31:15 Two-Man Saw
30:09 Arbalester
32:40 Padded Archer Armor
33:11 Plate Mail Armor
33:16 Iron Casting
32:28 Elite Skirmisher
33:49 Torsion Engines
36:12 Halberdier
37:59 Blast Furnace
37:15 Leather Archer Armor
41:58 Ring Archer Armor
Demshredz
0:33 Loom
10:16 Feudal Age
14:23 Castle Age
12:49 Scale Barding Armor
12:41 Horse Collar
12:47 Double-Bit Axe
14:59 Heavy Plow
20:42 Stone Mining
20:46 Gold Mining
22:51 Wheelbarrow
22:37 Scale Barding Armor
24:08 Stone Shaft Mining
23:55 Bloodlines
24:05 Husbandry
24:50 Bow Saw
26:02 Gold Shaft Mining
32:14 Imperial Age
30:30 Chain Barding Armor
30:21 Forging
33:09 Plate Barding Armor
33:10 Iron Casting
32:42 Cavalier
35:38 Conscription
37:25 Blast Furnace
37:24 Savar
38:18 Pikeman
38:59 Squires
38:44 Arson
39:02 Scale Mail Armor
38:52 Fletching
39:02 Padded Archer Armor
39:37 Ballistics
40:04 Halberdier
41:24 Chain Mail Armor
41:15 Kamandaran
43:27 Crossbowman
44:12 Thumb Ring
45:28 Hand Cart
46:29 Two-Man Saw
46:53 Elite Skirmisher
Lord_Wilfredo
9:46 Feudal Age
11:05 Loom
11:29 Double-Bit Axe
14:20 Castle Age
12:24 Horse Collar
15:24 Bow Saw
15:28 Heavy Plow
23:07 Wheelbarrow
22:50 Gold Mining
27:31 Imperial Age
25:49 Forging
25:45 Scale Barding Armor
25:58 Hand Cart
26:11 Town Watch
26:35 Husbandry
26:45 Bloodlines
27:02 Stone Mining
27:39 Capped Ram
28:36 Careening
29:31 Chemistry
28:49 Elite Steppe Lancer
30:14 Heavy Camel Rider
31:40 Chain Barding Armor
31:56 Iron Casting
31:38 Fortified Wall
33:10 Conscription
36:21 Fletching
37:33 Blast Furnace
36:14 Elite Skirmisher
38:11 Bodkin Arrow
38:21 Padded Archer Armor
41:12 Thumb Ring
41:32 Bracer
42:27 Leather Archer Armor
42:36 Ballistics
Connection lost

Rejoining the realm…

Still unreachable

The connection could not be restored.

Session expired

The server has moved on; the page needs a fresh start.